 Dungeon Crawl Stone Soup version 0.29.1-12-g30fa7ad0bf (webtiles) character file.

Game seed: 6015038344895415937

12513 retardedninja the Cleaver (level 11, -2/102 HPs)
             Began as a Hill Orc Fighter on Jan 4, 2023.
             Was an Initiate of Gozag.
             Killed from afar by an oklob plant (32 damage)
             ... with a splash of acid
             ... on level 1 of the Lair of Beasts.
             The game lasted 00:17:50 (14694 turns).

retardedninja the Cleaver (Hill Orc Fighter)       Turns: 14694, Time: 00:17:50

Health: -2/102     AC:  7    Str: 32    XL:     11   Next: 94%
Magic:  0/3        EV:  8    Int: 11    God:    Gozag
Gold:   1174       SH:  7    Dex: 10    Spells: 10/10 levels left

rFire   + + .      SeeInvis .   r - +9 war axe of the Impish God {antimagic, Str+4 Int+3}
rCold   x . .      Faith    .   c - +1 buckler
rNeg    + . .      Spirit   +   j - +2 plate armour {rN+}
rPois   .          Reflect  .   C - +2 hat
rElec   .          Harm     .   (no cloak)
rCorr   .          Rampage  .   x - +0 pair of gloves "Rapemaerch" {Str+4 Stlth+}
Will    .....                   s - +2 pair of boots
Stlth   ..........              f - amulet of guardian spirit
HPRegen 0.27/turn               p - ring of protection from fire
MPRegen 0.08/turn               a - ring of fire

@: corroded
A: no striking features
a: Renounce Religion, Potion Petition, Call Merchant, Bribe Branch


You were on level 1 of the Lair of Beasts.
You worshipped Gozag.
Gozag was most pleased with you.
You visited 3 branches of the dungeon, and saw 11 of its levels.

You collected 1541 gold pieces.
You spent 256 gold pieces at shops.
You paid 111 gold pieces to Gozag.

Inventory:

Hand Weapons
 b - a +3 war axe of flaming
 r - the +9 war axe of the Impish God (weapon) {antimagic, Str+4 Int+3}
   (You found it on level 1 of the Lair of Beasts)

   It reduces the magical energy of the wielder, and disrupts the spells and
   magical abilities of those it strikes.
   Natural abilities and divine invocations are not affected.
   Str:       It affects your strength (+4).
   Int:       It affects your intelligence (+3).
 H - a +4 war axe of electrocution
Missiles
 A - 2 throwing nets
Armour
 c - a +1 buckler (worn)
 j - a +2 plate armour of positive energy (worn)
 s - a +2 pair of boots (worn)
 x - the +0 pair of gloves "Rapemaerch" (worn) {Str+4 Stlth+}
   (You found it on level 5 of the Dungeon)

   Str:       It affects your strength (+4).
   Stlth:     It makes you more stealthy.
 C - a +2 hat (worn)
 F - a +0 helmet
Jewellery
 a - a ring of fire (right hand)
 f - an amulet of guardian spirit (around neck)
 p - a ring of protection from fire (left hand)
Wands
 l - a wand of quicksilver (4)
 n - a wand of flame (8)
 o - a wand of roots (19) (quivered)
 u - a wand of paralysis (10)
 v - a wand of digging (1)
Scrolls
 g - a scroll of amnesia
 q - a scroll of magic mapping
 y - 2 scrolls of immolation
 G - a scroll of teleportation
Potions
 d - a potion of ambrosia {unknown}
 e - 2 potions of haste
 h - a potion of might
 i - a potion of resistance {unknown}
 k - 4 potions of curing
 m - 4 potions of lignification
 t - a potion of attraction {unknown}
 w - a potion of flight
 z - 2 potions of mutation {unknown}
 D - 2 potions of berserk rage {unknown}
 E - 2 potions of degeneration {unknown}
Miscellaneous
 B - a lightning rod (4/4)


   Skills:
 + Level 11.3 Fighting
 + Level 12.0 Axes
 + Level 10.4 Armour
 + Level 10.4 Shields
 + Level 5.3 Evocations


You had 10 spell levels left.
You didn't know any spells.
Your spell library contained the following spells:

 Spells                   Type           Power      Damage    Failure   Level
 Foxfire                  Conj/Fire      0%         2x1d4     95%         1
 Blink                    Tloc           0%         N/A       99%         2
 Call Canine Familiar     Summ           0%         N/A       100%        3
 Confusing Touch          Hex            0%         N/A       100%        3
 Conjure Flame            Conj/Fire      0%         6-21      100%        3
 Inner Flame              Hex/Fire       0%         N/A       100%        3
 Portal Projectile        Hex/Tloc       0%         N/A       100%        3
 Dispel Undead            Necr           0%         3d6       100%        4
 Flame Wave               Conj/Fire      0%         2d4       100%        4
 Leda's Liquefaction      Hex/Erth       0%         N/A       100%        4
 Summon Lightning Spire   Summ/Air       0%         N/A       100%        4
 Manifold Assault         Tloc           0%         N/A       100%        5
 Yara's Violent Unravell  Hex/Tmut       0%         3d3       100%        5
 Death Channel            Necr           0%         N/A       100%        6
 Enfeeble                 Hex            0%         N/A       100%        7
 Storm Form               Tmut/Air       0%         N/A       100%        7
 Maxwell's Capacitive Co  Air            0%         ∞         100%        8
 Corpse Rot               Necr/Pois/Air  Unusable   N/A       N/A         4

Dungeon Overview and Level Annotations

Branches:
Dungeon (9/15)             Temple (1/1) D:5            Lair (1/5) D:9
    Orc: D:9-12

Altars:
Ashenzari
Cheibriados
Dithmenos
Elyvilon
Fedhas
Gozag
Hepliaklqana
Kikubaaqudgha
Makhleb
Nemelex Xobeh
Okawaru
Qazlal
Ru
Sif Muna
Trog
Uskayaw
Vehumet
Wu Jian
Yredelemnul
Zin
The Shining One

Shops:
D:7 (

Annotations:
D:6 1 runed translucent door, Crazy Yiuf
D:9 2 runed translucent doors, growler's ghost, novice FoFi
Lair:1 exclusion: oklob plant


Message History

Marking area around an oklob plant as unsafe for travelling.
The oklob plant spits acid at you. The splash of acid hits you!
The oklob plant spits acid at you. The splash of acid hits you!
The acid corrodes you! The oklob plant spits acid at you.
The splash of acid hits you! The acid corrodes you!
You slash the oklob plant!
The oklob plant is lightly damaged.
You slash the plant!
The plant begins to die.
The oklob plant spits acid at you. The splash of acid hits you!!
The acid corrodes you!
You hit the oklob plant but do no damage.
The oklob plant is lightly damaged.
You hit the plant. The oklob plant spits acid at you.
The splash of acid hits you. The acid corrodes you!
You slice the oklob plant!!
The oklob plant is heavily damaged.
You slash the plant! You slash the oklob plant!
The oklob plant is almost destroyed.
You hit the plant but do no damage. You hit the oklob plant.
The oklob plant is almost destroyed.
You hit the plant.
A nearby plant withers and dies.
You hit the oklob plant.
The oklob plant is almost destroyed.
You hit the oklob plant but do no damage.
The oklob plant is almost destroyed.
The oklob plant spits acid at you. The splash of acid hits you!
* * * LOW HITPOINT WARNING * * *
The acid corrodes you!
You hit the oklob plant but do no damage.
The oklob plant is almost destroyed.
The oklob plant spits acid at you. The splash of acid hits you!!
You die...
Your body crumbles into a pile of gold.

....... ..........
####### #......## ###
#########.P..P..#
#..###...........P.P.#
####...##........P...P..
............P..#..P...##
P....P........##......##
..........P#.##.......##
.###.PP@.######.......##
#####...#............
######.####P##### ## ###


You could see an oklob plant.

Vanquished Creatures
  A two-headed ogre (D:8)
  A black mamba (Lair:1)
  Joseph (D:7)
  6 cane toads (Lair:1)
  Maggie (D:7)
  A rime drake (Lair:1)
  4 komodo dragons (Lair:1)
  2 trolls (D:9)
  Prince Ribbit (D:5)
  5 blink frogs (Lair:1)
  A wraith (D:9)
  A shadow (D:9)
  3 yaks (D:8)
  Eustachio (D:6)
  2 wyverns (D:8)
  2 steam dragons
  Menkaure (D:4)
  An acid dragon (D:8)
  4 water moccasins
  2 orc warriors
  3 ice beasts
  2 black bears
  5 ogres
  4 wolves (Lair:1)
  2 centaurs (D:9)
  A kobold brigand (D:7)
  Blork the orc (D:4)
  2 gnoll sergeants
  7 bullfrogs
  9 wights
  3 scorpions
  13 killer bees
  2 howler monkeys
  4 hounds
  A jelly (D:4)
  2 orc priests (D:8)
  3 orc wizards
  Ijyb (D:4)
  6 iguanas
  7 gnolls
  4 adders
  A shadow imp (D:7)
  A white imp (D:6)
  2 dart slugs
  11 orcs
  4 bats
  3 endoplasms
  3 giant cockroaches
  3 goblins
  6 hobgoblins
  8 kobolds
  3 quokkas
  6 ball pythons
  2 frilled lizards
  7 rats
183 creatures vanquished.

Vanquished Creatures (collateral kills)
  A kobold demonologist (D:7)
  A centaur (D:7)
2 creatures vanquished.

Vanquished Creatures (others)
  2 bushes (Lair:1)
  7 fungi (Lair:1)
  140 plants
149 creatures vanquished.

Grand Total: 334 creatures vanquished

Notes
Turn   | Place    | Note
-------+----------+-------------------------------------------
     0 | D:1      | retardedninja the Hill Orc Fighter began the quest for the
                  | Orb.
     0 | D:1      | Reached XP level 1. HP: 19/19 MP: 1/1
    93 | D:1      | Reached skill level 3 in Axes
    93 | D:1      | Reached XP level 2. HP: 25/27 MP: 2/2
   719 | D:2      | Reached XP level 3. HP: 33/33 MP: 3/3
   768 | D:2      | Found an ornate altar of the Wu Jian Council.
  1806 | D:3      | Reached XP level 4. HP: 40/40 MP: 4/4
  2313 | D:4      | Noticed Blork the orc
  2314 | D:4      | Noticed Menkaure
  2321 | D:4      | Killed Menkaure
  2322 | D:4      | Reached skill level 4 in Axes
  2322 | D:4      | Reached XP level 5. HP: 19/47 MP: 5/5
  2324 | D:4      | Killed Blork the orc
  2325 | D:4      | Reached skill level 5 in Fighting
  2325 | D:4      | Reached XP level 6. HP: 23/56 MP: 6/6
  2613 | D:4      | Noticed a black bear
  2622 | D:4      | Noticed a black bear
  2639 | D:3      | Killed a black bear
  2640 | D:3      | Reached skill level 5 in Axes
  2958 | D:4      | Killed a black bear
  2959 | D:4      | Reached skill level 5 in Armour
  2959 | D:4      | Reached skill level 5 in Shields
  2959 | D:4      | Reached XP level 7. HP: 40/61 MP: 7/7
  3301 | D:4      | Noticed Ijyb
  3315 | D:4      | Killed Ijyb
  3908 | D:5      | Entered Level 5 of the Dungeon
  4212 | D:5      | Identified the +0 pair of gloves "Rapemaerch" {Str+4
                  | Stlth+}
  4272 | D:5      | Reached skill level 6 in Axes
  4557 | D:5      | Reached XP level 8. HP: 11/71 MP: 8/8
  5128 | D:5      | Found a staircase to the Ecumenical Temple.
  5141 | Temple   | Entered the Ecumenical Temple
  5442 | Temple   | Became a worshipper of Gozag Ym Sagoz the Greedy
  5529 | D:5      | Reached skill level 7 in Axes
  6027 | D:5      | Noticed Prince Ribbit
  6055 | D:5      | Killed Prince Ribbit
  6684 | D:6      | Noticed Eustachio
  6699 | D:6      | Reached XP level 9. HP: 56/79 MP: 9/9
  6709 | D:6      | Killed Eustachio
  6710 | D:6      | Reached skill level 8 in Axes
  7318 | D:6      | Found a glowing silver altar of Zin.
  7760 | D:6      | Found a runed translucent door.
  7761 | D:6      | Noticed Crazy Yiuf
  7797 | D:6      | Found an ancient bone altar of Kikubaaqudgha.
  8150 | D:7      | Found a stormy altar of Qazlal.
  8223 | D:7      | Noticed a kobold demonologist
  8224 | D:7      | Noticed a red devil
  8230 | D:7      | Killed a kobold demonologist
  8231 | D:7      | Reached skill level 9 in Axes
  8252 | D:7      | Found Nyokki's Hydra Hut.
  8276 | D:7      | Noticed a six-headed hydra
  8280 | D:7      | Bought a +2 war axe of flaming for 256 gold pieces
  8409 | D:7      | Noticed Maggie
  8420 | D:7      | Killed Maggie
  8565 | D:7      | Noticed Joseph
  8581 | D:7      | Killed Joseph
  8582 | D:7      | Reached XP level 10. HP: 56/91 MP: 10/10
  9607 | D:8      | Noticed a two-headed ogre
  9613 | D:8      | Killed a two-headed ogre
  9614 | D:8      | Reached skill level 10 in Axes
  9614 | D:8      | Reached skill level 1 in Evocations
 10368 | D:8      | Reached skill level 10 in Fighting
 11143 | D:9      | Identified the +11 hand axe "Newtslayer" {flame, Str+3
                  | Stlth+}
 11208 | D:9      | Reached XP level 11. HP: 68/100 MP: 11/11
 11457 | D:9      | Found a large runed translucent door.
 11457 | D:9      | Found a large runed translucent door.
 11461 | D:9      | Noticed growler's ghost (novice FoFi)
 11849 | D:9      | Reached skill level 11 in Axes
 11945 | D:9      | Found a staircase to the Lair.
 12705 | Lair:1   | Entered Level 1 of the Lair of Beasts
 13280 | Lair:1   | Reached skill level 10 in Shields
 13357 | Lair:1   | Reached skill level 10 in Armour
 13772 | Lair:1   | Reached skill level 5 in Evocations
 14046 | Lair:1   | Identified the +9 war axe of the Impish God {antimagic,
                  | Str+4 Int+3}
 14107 | Lair:1   | Reached skill level 12 in Axes
 14678 | Lair:1   | Noticed an oklob plant
 14694 | Lair:1   | Killed from afar by an oklob plant

Illustrated notes

Levels and vault maps discovered:
D:1:      lemuel_arrival_rhombus, layout_rooms
D:2:      layout_loops_ring, serial_forest, infiniplex_forest_lined_ring,
          infiniplex_forest_lined_3_way, infiniplex_forest_clump_double,
          infiniplex_forest_zigzag_1, infiniplex_forest_lined_3,
          infiniplex_forest_straight_2, infiniplex_forest_clump_large,
          infiniplex_forest_clump_diagonal, infiniplex_forest_straight_2,
          basic_altar, minmay_tiny_reverse_x
D:3:      layout_basic, minmay_splitting_lines
D:4:      layout_basic, uniq_menkaure, uniq_ijyb, uniq_blork_the_orc
D:5:      layout_basic, minmay_temple_entry_wispy, uniq_prince_ribbit1
D:6:      layout_loops_cross, zin_academy, overflow_temple_1_default,
          uniq_eustachio, uniq_crazy_yiuf_cottage
D:7:      layout_basic, mainiacjoe_overflow_small_starburst,
          nicolae_hexahallways, doesnt_shop_hydraphobe, uniq_joseph, uniq_maggie
D:8:      layout_basic, grunt_decor_cap
D:9:      layout_basic, lair_entry_dummy, ebering_ghost_disaster_area
Temple:   minmay_temple_bridge_d
Lair:1:   minmay_lair_oklob_tunnel, layout_regular_city, serial_forest,
          infiniplex_forest_straight_3, infiniplex_forest_lined_corner,
          infiniplex_forest_corner_1, infiniplex_forest_straight_2,
          infiniplex_forest_clump_small, infiniplex_forest_clump_double,
          infiniplex_forest_split

Skill      XL: |  1  2  3  4  5  6  7  8  9 10 11 |
---------------+----------------------------------+-----
Axes           | 3 4 5 6 7 9 10 12 | 12.0
Fighting       | 4 5 6 7 9 10 11 | 11.3
Armour         | 4 5 6 8 9 10 | 10.4
Shields        | 4 5 6 8 9 10 | 10.4
Evocations     | 3 5 |  5.3

Action                   |  1- 3 |  4- 6 |  7- 9 | 10-12 || total
-------------------------+-------+-------+-------+-------++-------
Melee: War axe           |    72 |    42 |   234 |   276 ||   624
Evoke: Wand              |       |     3 |     2 |       ||     5
  Use: Potion            |       |     1 |     5 |     8 ||    14
       Scroll            |       |     2 |    11 |     8 ||    21
 Stab: Invisible         |       |       |     1 |     4 ||     5
       Distracted        |       |       |     1 |     3 ||     4
Armor: Scale mail        |    16 |       |       |       ||    16
       Chain mail        |    24 |    62 |   102 |    48 ||   236
       Plate armour      |       |       |       |   149 ||   149
Dodge: Dodged            |    27 |    35 |    77 |   109 ||   248
Block: Buckler           |    17 |    16 |    53 |   119 ||   205
